 Dungeon Crawl Stone Soup version 0.25.1-2-g60ff931df9 (webtiles) character file.

Game seed: 17637559980543644499

108 guibole the Ruffian (level 4, -3/45 HPs)
             Began as a Troll Berserker on Nov 8, 2020.
             Was a Believer of Trog.
             Slain by Sigmund
             ... wielding a +2 scythe of venom
              (8 damage)
             ... on level 3 of the Dungeon.
             The game lasted 00:11:34 (1625 turns).

guibole the Ruffian (Troll Berserker)               Turns: 1625, Time: 00:11:35

Health: -3/45      AC:  6    Str: 26    XL:     4   Next: 58%
Magic:  3/3        EV: 10    Int:  3    God:    Trog [**....]
Gold:   112        SH:  0    Dex:  9    Spells: 3/3 levels left

rFire    . . .     SeeInvis .   k - +3 dagger (venom)
rCold    . . .     Gourm    +   (no shield)
rNeg     . . .     Faith    .   a - +0 animal skin
rPois    .         Spirit   .   (helmet restricted)
rElec    .         Reflect  .   (no cloak)
rCorr    .         Harm     .   (gloves unavailable)
MR       .....                  (boots unavailable)
Stlth    +.........             (no amulet)
HPRegen  0.55/turn              (no ring)
MPRegen  0.08/turn              (no ring)

@: confused, lethally poisoned (-3 -> -25)
A: large, unfitting armour, claws 3, fast metabolism 3, gourmand, regeneration
1, shaggy fur 1, tough skin 3
a: Berserk, Trog's Hand, Renounce Religion


You were on level 3 of the Dungeon.
You worshipped Trog.
Trog was pleased with you.
You were very full.

You visited 1 branch of the dungeon, and saw 3 of its levels.

You collected 112 gold pieces.

Inventory:

Hand Weapons
 f - a +0 whip
 k - a +3 dagger of venom (weapon)
 v - a +0 flail
Missiles
 q - 3 atropa-tipped darts
 r - 30 stones (quivered)
Armour
 a - a +0 animal skin (worn)
 c - a +0 ring mail
 d - a +0 robe
Jewellery
 p - an uncursed amulet of regeneration {unknown}
Scrolls
 g - 6 scrolls of remove curse
 l - 4 scrolls of teleportation {unknown}
 m - a scroll of identify
 o - 2 scrolls of enchant armour {unknown}
 t - a scroll of blinking {unknown}
 u - 2 scrolls of fog {unknown}
Potions
 e - a potion of degeneration {unknown}
 h - a potion of brilliance
 i - a potion of stabbing {unknown}
 j - 2 potions of curing {unknown}
 n - a potion of heal wounds {unknown}
Comestibles
 b - 4 rations
 s - 13 chunks of flesh


   Skills:
 + Level 3.0 Fighting
 + Level 0.4 Short Blades
 + Level 3.3 Dodging
 + Level 0.1 Stealth
 + Level 3.9 Unarmed Combat


You had 3 spell levels left.
You didn't know any spells.
Your spell library was empty.

Dungeon Overview and Level Annotations

Branches:
Dungeon (3/15)

Altars:

Annotations:
D:3 Sigmund


Innate Abilities, Weirdness & Mutations

You are too large for most types of armour.
You have claws for hands.
Your metabolism is lightning-fast.
You like to eat raw meat.
Your natural rate of healing is unusually fast.
You are covered in fur. (AC +1)
You have extremely tough skin. (AC +3)


Message History

You are poisoned.
You hit something.
You feel sick.
You closely miss something.
You hear some strange, mumbled words.
You are confused.
You feel sick. Something hits you.
You are more poisoned.
You feel sick. Something hits you!
You are more poisoned.
You feel very sick.
You feel sick.
You are more confused.
You feel sick.
You feel sick. Something hits you!
* * * LOW HITPOINT WARNING * * *
You are more poisoned.
* * * LOW HITPOINT WARNING * * *
You feel very sick. Something hits you!
You die...

..# #.## #.. #.#
##.# #..# #..#
#..# ##.@###.#
##..........
#######.....##.###
#............#
###.#####.....##
#...######...##
..#
####.........#.##
##.#
##.##...#####.....
...# #...##.<# #
#####..#


There were no monsters in sight!

Vanquished Creatures
  An orc wizard (D:3)
  3 adders
  2 leopard geckos
  8 orcs (D:3)
  2 bats (D:2)
  3 giant cockroaches
  6 goblins (D:1)
  3 hobgoblins
  5 frilled lizards
  7 kobolds
  5 rats
  A plant (D:1)
46 creatures vanquished.

Notes
Turn   | Place    | Note
-------+----------+-------------------------------------------
     0 | D:1      | guibole the Troll Berserker began the quest for the Orb.
     0 | D:1      | Reached XP level 1. HP: 22/22 MP: 0/0
   144 | D:1      | !:
   184 | D:1      | Reached XP level 2. HP: 28/29 MP: 1/1
   951 | D:2      | Reached ** piety under Trog
  1067 | D:2      | Reached XP level 3. HP: 36/36 MP: 2/2
  1490 | D:3      | Reached XP level 4. HP: 38/45 MP: 3/3
  1610 | D:3      | Noticed Sigmund
  1625 | D:3      | Slain by Sigmund

Illustrated notes

#. #.##### #.
#.#....#.#
#.##.#.##.#.##
#.>...........
#.†....##.#
##(###.##.#
#(#......######
#######.#.#..........
.............@.......
#######.#.###########
#######.#....##
.......>.......
########÷####.##
..............#
####.##.#######
####.##.# ........#


Turn 144 on D:1: !:

Levels and vault maps discovered:
D:1:      roderic_crop_circles_arrival_large, layout_basic
D:2:      layout_basic
D:3:      layout_loops_ring, first_ration, grunt_dithmenos_smoke_and_mirrors,
          uniq_crazy_yiuf_cottage, uniq_sigmund

Skill      XL: |  1  2  3 |
---------------+----------+-----
Dodging        | 3 |  3.3
Fighting       | 3 |  3.0
Short Blades   | |  0.4
Stealth        | |  0.1
Unarmed Combat | |  3.9

Action                   |  1- 3 |  4- 6 || total
-------------------------+-------+-------++-------
Melee: Unarmed           |    47 |       ||    47
       Dagger            |    87 |     9 ||    96
       Punch             |     2 |       ||     2
  Use: Scroll            |     3 |       ||     3
 Stab: Sleeping          |     1 |       ||     1
  Eat: Chunk             |    19 |     1 ||    20
Armor: Animal skin       |    34 |     2 ||    36
Dodge: Dodged            |    41 |     1 ||    42
